 Dungeon Crawl Stone Soup version 0.23.2-1-ga50397a (webtiles) character file.

Game seed: 15619587142310856306

344 troglodite the Skirmisher (level 6, -2/49 HPs)
             Began as a Demonspawn Berserker on May 6, 2019.
             Was a Priest of Trog.
             Killed from afar by Dowan (16 damage)
             ... with a shard of ice
             ... on level 4 of the Dungeon.
             The game lasted 00:10:22 (2944 turns).

troglodite the Skirmisher (Demonspawn Berserker)    Turns: 2944, Time: 00:10:22

Health: -2/49      AC: 13    Str: 17    XL:     6   Next: 31%
Magic:  6/6        EV:  6    Int:  8    God:    Trog [***...]
Gold:   166        SH:  0    Dex: 15    Spells: 5/5 levels left

rFire    . . .     SeeInvis +   a - +0 falchion
rCold    . . .     Gourm    .   (no shield)
rNeg     . . .     Faith    .   n - +0 plate armour
rPois    .         Spirit   .   r - +0 helmet
rElec    .         Reflect  .   (no cloak)
rCorr    .         Harm     .   (no gloves)
MR       .....                  k - +0 pair of boots
Stlth    ..........             (no amulet)
HPRegen  0.16/turn              h - ring of see invisible
MPRegen  0.10/turn              (no ring)

@: berserk cooldown, slowed, very slow
A: rot immunity
a: Berserk, Trog's Hand, Renounce Religion


You were on level 4 of the Dungeon.
You worshipped Trog.
Trog was most pleased with you.
You were hungry.

You visited 1 branch of the dungeon, and saw 4 of its levels.

You collected 166 gold pieces.

Inventory:

Hand Weapons
 a - a +0 falchion (weapon)
Armour
 k - a +0 pair of boots (worn)
 n - a +0 plate armour (worn)
 r - a +0 helmet (worn)
Jewellery
 h - a ring of see invisible (left hand)
Scrolls
 b - a scroll of magic mapping {unknown}
 e - a scroll of fog {unknown}
 g - 5 scrolls of identify {unknown}
 i - 4 scrolls of remove curse {unknown}
 j - a scroll of fear {unknown}
 t - a scroll of immolation {unknown}
 v - a scroll of amnesia {unknown}
Potions
 d - a potion of invisibility {unknown}
 f - a potion of brilliance {unknown}
 l - a potion of lignification {unknown}
 m - a potion of curing {unknown}
 o - 2 potions of might {unknown}
 p - 2 potions of flight {unknown}
 q - a potion of magic {unknown}
 s - a potion of mutation {unknown}
Comestibles
 c - 9 rations
 u - 5 chunks of flesh


   Skills:
 * Level 4.5 Fighting
 + Level 4.3 Long Blades
 * Level 3.3 Armour
 * Level 2.7 Dodging
 + Level 0.2 Stealth


You had 5 spell levels left.
You didn't know any spells.
Your spell library was empty.

Dungeon Overview and Level Annotations

Branches:
Dungeon (4/15)
 Temple: D:4-7

Altars:

Shops:
D:4 %%%(

Annotations:
D:4 Dowan


Innate Abilities, Weirdness & Mutations

You are immune to rotting.


Message History

You feel a strong urge to attack something.
You are no longer berserk.
You are exhausted.
You feel yourself slow down.
An ogre comes into view. It is wielding a +0 giant club.
The ogre shouts!
Dowan gestures at you while chanting. The stone arrow hits you.
Dowan casts a spell at you. The shard of ice hits you!
Your plate armour prevents you from hitting Dowan.
Dowan is moderately wounded.
Dowan casts a spell at you.
The shard of ice hits you but does no damage.
Dowan hits you with a +1 dagger of electrocution.
The ogre hits you with a +0 giant club!
* * * LOW HITPOINT WARNING * * *
Dowan casts a spell at you. The shard of ice hits you!
You die...

##########
.........#
##########.# ..#
#...########
#.######.##.......#
#..................
#.######.#...#.#..#
#.@e.........#.....
#O######.#.#.#.#.##
#.# ####.#.#.###.##
#........#.#...#.##
.>.................
##............#.#.##
.............#.#...
##...........#.####
...........#.#


You could see an ogre and Dowan.

Vanquished Creatures
  Duvessa (D:4)
  A bullfrog skeleton (D:2)
  2 orc priests
  A worker ant (D:4)
  4 adders
  2 oozes
  5 worms
  A leopard gecko (D:4)
  8 orcs
  2 ball pythons
  7 bats
  6 giant cockroaches
  4 hobgoblins
  8 jackals
  4 kobolds
  2 frilled lizards (D:2)
  8 goblins
  8 rats
74 creatures vanquished.

Notes
Turn   | Place    | Note
-------+----------+-------------------------------------------
     0 | D:1      | troglodite the Demonspawn Berserker began the quest for the
                  | Orb.
     0 | D:1      | Reached XP level 1. HP: 18/18 MP: 1/1
    32 | D:1      | Gained mutation: You are immune to rotting. [demonic
                  | ancestry]
    32 | D:1      | Reached XP level 2. HP: 6/24 MP: 2/2
  1069 | D:2      | Reached XP level 3. HP: 18/29 MP: 3/3
  1297 | D:2      | Reached ** piety under Trog
  1352 | D:2      | Reached XP level 4. HP: 34/37 MP: 4/4
  2066 | D:3      | Reached XP level 5. HP: 42/42 MP: 5/5
  2712 | D:4      | Found Ymuclock's Food Boutique.
  2788 | D:4      | Found Niloipp's Antique Weapon Boutique.
  2815 | D:4      | Reached *** piety under Trog
  2829 | D:4      | Found Fudeeq's Food Boutique.
  2839 | D:4      | Found Jofeucw's Food Shoppe.
  2925 | D:4      | Noticed Duvessa
  2925 | D:4      | Noticed Dowan
  2938 | D:4      | Killed Duvessa
  2938 | D:4      | Reached XP level 6. HP: 49/49 MP: 6/6
  2944 | D:4      | Killed from afar by Dowan

Skill      XL: |  1  2  3  4  5 |
---------------+----------------+-----
Dodging        | 2 |  2.7
Armour         | 2 3 |  3.3
Long Blades    | 3 4 |  4.3
Fighting       | 4 |  4.5
Stealth        | |  0.2

Action                   |  1- 3 |  4- 6 || total
-------------------------+-------+-------++-------
Melee: Falchion          |   109 |   183 ||   292
Invok: Berserk           |       |     4 ||     4
  Eat: Chunk             |     1 |     9 ||    10
Armor: Animal skin       |    19 |       ||    19
       Ring mail         |     3 |       ||     3
       Plate armour      |    24 |   159 ||   183
Dodge: Dodged            |    69 |    68 ||   137
       Rpst.: Falchion   |    26 |    22 ||    48
